 Dungeon Crawl Stone Soup version 0.22-a0-469-gf26638a (webtiles) character file.

1849 inmateoo the Insei (level 8, 0/65 HPs)
             Began as a White Draconian Venom Mage on June 12, 2018.
             Was a Follower of Cheibriados.
             Slain by a centaur (3 damage)
             ... on level 7 of the Dungeon.
             The game lasted 00:11:19 (9436 turns).

inmateoo the Insei (White Draconian Venom Mage)     Turns: 9436, Time: 00:11:19

Health: 0/65       AC: 10    Str: 14    XL:     8   Next: 88%
Magic:  7/14       EV: 12    Int: 25    God:    Cheibriados [*.....]
Gold:   299        SH:  0    Dex: 14    Spells: 5/15 levels left

rFire    . . .     SeeInvis .     - Unarmed
rCold    + . .     Gourm    .   (no shield)
rNeg     + . .     Faith    .   (armour unavailable)
rPois    .         Spirit   .   (helmet restricted)
rElec    +         Reflect  .   o - +0 cloak (curse)
rCorr    .         Harm     .   (no gloves)
MR       .....                  e - +2 pair of boots
Stlth    ++........             (no amulet)
HPRegen  0.20/turn              k - +4 ring of intelligence
MPRegen  0.14/turn              m - ring of positive energy

@: short of breath, very slightly contaminated, very slow
A: breathe frost, unfitting armour, antennae 1, cold resistance 1, frail 1,
electricity resistance, cold-blooded, AC +6
a: Breathe Frost, Bend Time, Renounce Religion


You were on level 7 of the Dungeon.
You worshipped Cheibriados.
Cheibriados was aware of your devotion.
You were hungry.

You visited 2 branches of the dungeon, and saw 8 of its levels.
You also visited: Sewer.

You collected 299 gold pieces.

Inventory:

Hand Weapons
 j - a +2 dagger of venom
Armour
 e - a +2 pair of boots (worn)
 o - a cursed +0 cloak (worn)
Jewellery
 k - a +4 ring of intelligence (left hand)
 m - a ring of positive energy (right hand)
Wands
 g - a wand of random effects (36)
 n - a wand of digging (10)
 r - a wand of acid (4)
Scrolls
 a - a scroll of fog
 c - a scroll of teleportation
 f - 4 scrolls of remove curse
Potions
 h - 2 potions of mutation
 i - 5 potions of curing
 p - a potion of ambrosia {unknown}
 s - a potion of cancellation
 t - a potion of agility
Comestibles
 b - 12 rations


   Skills:
 + Level 7.0 Fighting
 - Level 1.7 Dodging
 - Level 1.7 Stealth
 * Level 7.3 Unarmed Combat
 - Level 4.1 Spellcasting
 - Level 1.0 Conjurations
 - Level 5.1 Poison Magic


You had 5 spell levels left.
You knew the following spells:

 Your Spells              Type           Power        Failure   Level  Hunger
a - Sting                 Conj/Pois      ###.         2%          1    None
b - Poisonous Vapours     Pois/Air       ###...       4%          2    None
c - Mephitic Cloud        Conj/Pois/Air  ###.....     12%         3    ##.....
d - Olgreb's Toxic Radia  Pois           ####....     11%         4    ####...

Your spell library contained the following spells:

 Spells                   Type           Power        Failure   Level  Hunger
 Venom Bolt               Conj/Pois      ###.......   56%         5    #####..


Dungeon Overview and Level Annotations

Branches:
Dungeon (7/15)             Temple (1/1) D:5

Altars:
Ashenzari
Cheibriados
Dithmenos
Elyvilon
Fedhas
Gozag
Hepliaklqana
Kikubaaqudgha
Makhleb
Nemelex Xobeh
Okawaru
Qazlal
Sif Muna
Trog
Uskayaw
Vehumet
Wu Jian
Xom
Yredelemnul
Zin
The Shining One

Annotations:
D:3 Zephyerz's ghost, amateur MiFi
D:6 inmateoo's ghost, novice NaBe


Innate Abilities, Weirdness & Mutations

You can breathe waves of freezing cold.
You can buffet flying creatures when you breathe cold.
Your icy white scales are hard. (AC +6)
You cannot fit into any form of body armour.
Your flesh is cold resistant. (rC+)
You are cold-blooded and may be slowed by cold attacks.
You have a pair of small antennae on your head.
You are frail. (-10% HP)
You are resistant to electric shocks. (rElec)


Message History

The adder bites you but does no damage.
The centaur wields a shortbow.
The centaur shoots an arrow.
The arrow hits you but does no damage.
Unknown command.
Press: ? - help, Shift-Dir - straight line, f - orc, p - centaur
Aim: an orc, wielding a trident (almost dead)
You exhale a wave of freezing cold.
The freezing breath hits the adder.
You kill the adder!
Cheibriados thoroughly appreciates the change of pace.
The freezing breath hits the orc.
You kill the orc!
Cheibriados appreciates the change of pace.
You feel somewhat more hungry.
The centaur shoots an arrow.
The arrow hits you!
* * * LOW HITPOINT WARNING * * *
Unknown command.
Unknown command.
The centaur unwields an uncursed shortbow.
The centaur hits you.
* * * LOW HITPOINT WARNING * * *
The centaur hits you.
You die...

....#............
...('.............#
....##.....##..... #
....##.....##..... .#
...........#...... .#
...........'.....# ..#
....##.....##....##..##..
....######'##....c).>....
...........#....@†)......
...........#....(##..##..
##..##.....#.....# .#
##'###.....#.....# ..
#...##.....##....#... ..
#...##.....##....'.... ..
#...#............#..(. .
##..##...........#.....
#####...........# ....


You could see a centaur.

Vanquished Creatures
  Pikel (D:7)
  Grinder (D:5)
  A sky beast (D:6)
  2 slaves (D:7)
  A black bear (D:6)
  An ogre (D:6)
  A bullfrog (Sewer)
  A scorpion (D:4)
  4 killer bees
  A crimson imp (D:7)
  A jelly (D:6)
  An orc priest (D:7)
  2 hounds
  3 orc wizards
  A centaur skeleton (D:4)
  Ijyb (D:5)
  2 worker ants (D:5)
  4 gnolls (D:6)
  12 adders
  2 shadow imps
  9 oozes (Sewer)
  4 worms
  A dart slug (D:2)
  9 leopard geckos
  12 orcs
  6 bats
  17 giant cockroaches
  7 goblins
  9 hobgoblins
  3 jackals (D:7)
  2 kobolds
  2 quokkas
  15 ball pythons
  17 frilled lizards
  A leopard gecko skeleton (D:6)
  A quokka skeleton (D:4)
  18 rats
176 creatures vanquished.

Notes
Turn   | Place    | Note
-------+----------+-------------------------------------------
     0 | D:1      | inmateoo the Draconian Venom Mage began the quest for the Orb.
     0 | D:1      | Reached XP level 1. HP: 14/14 MP: 3/3
    48 | D:1      | Reached skill level 1 in Fighting
   422 | D:1      | Reached XP level 2. HP: 23/24 MP: 5/5
   866 | D:1      | Learned a level 2 spell: Poisonous Vapours
  1597 | D:2      | Reached XP level 3. HP: 18/30 MP: 1/6
  2543 | D:2      | Reached XP level 4. HP: 37/37 MP: 7/7
  2951 | D:3      | Found a glowing drain.
  2982 | Sewer    | Entered a sewer
  3220 | Sewer    | Reached XP level 5. HP: 30/45 MP: 5/9
  3369 | Sewer    | Learned a level 3 spell: Mephitic Cloud
  4402 | Sewer    | Reached skill level 5 in Poison Magic
  4402 | Sewer    | Reached XP level 6. HP: 30/52 MP: 0/10
  4537 | Sewer    | Learned a level 4 spell: Olgreb's Toxic Radiance
  4902 | D:3      | Noticed Zephyerz's ghost (amateur MiFi)
  5769 | D:4      | Reached skill level 1 in Unarmed Combat
  5989 | D:4      | HP: 2/52 [poisoned by an orc]
  6679 | D:5      | Entered Level 5 of the Dungeon
  6703 | D:5      | Found a blossoming altar of Fedhas.
  6712 | D:5      | Noticed Ijyb
  6724 | D:5      | Killed Ijyb
  6724 | D:5      | Your scales start taking on an icy white colour.
  6724 | D:5      | Reached XP level 7. HP: 39/60 MP: 1/12
  6724 | D:5      | Gained mutation: Your flesh is cold resistant. (rC+) [White Draconian growth]
  6805 | D:5      | Found a staircase to the Ecumenical Temple.
  6844 | Temple   | Entered the Ecumenical Temple
  6991 | Temple   | Became a worshipper of Cheibriados the Contemplative
  7261 | D:5      | Noticed Grinder
  7297 | D:5      | Paralysed by Grinder for 5 turns
  7303 | D:5      | Paralysed by Grinder for 6 turns
  7318 | D:5      | Killed Grinder
  7822 | D:6      | Reached skill level 5 in Fighting
  8162 | D:6      | Reached XP level 8. HP: 38/69 MP: 14/14
  8230 | D:6      | Noticed inmateoo's ghost (novice NaBe)
  8246 | D:6      | Gained mutation: You have a pair of small antennae on your head. [potion of mutation]
  8246 | D:6      | Gained mutation: You are frail. (-10% HP) [potion of mutation]
  8246 | D:6      | Gained mutation: You are resistant to electric shocks. (rElec) [potion of mutation]
  8557 | D:6      | Reached skill level 5 in Unarmed Combat
  9289 | D:7      | Reached * piety under Cheibriados
  9305 | D:7      | Noticed Pikel
  9313 | D:7      | Killed Pikel
  9436 | D:7      | HP: 3/65 [centaur (5)]
  9436 | D:7      | Slain by a centaur

Vault maps used:
D:1:      matt_arrival_los_fun, serial_curves, eino_curves_02, eino_curves_01
D:3:      lightli_sewer_entry_pipes, minmay_checkerbox
D:5:      fedhas_altar_1, temple_pool_b, first_ration, uniq_ijyb, uniq_grinder
D:6:      serial_shops, nicolae_shop_crystal, dk_rats_in_the_wall
D:7:      serial_shops, shop, uniq_pikel
Temple:   minmay_crystal_snake_temple
Sewer:    sewer_frog_island_02

Skill      XL: |  1  2  3  4  5  6  7  8 |
---------------+-------------------------+-----
Fighting       | 1 2 3 4 5 7 |  7.0
Poison Magic   | 4 5 |  5.1
Spellcasting   | 3 4 |  4.1
Unarmed Combat | 2 4 7 |  7.3
Dodging        | |  1.7
Stealth        | |  1.7
Conjurations   | |  1.0

Action                   |  1- 3 |  4- 6 |  7- 9 || total
-------------------------+-------+-------+-------++-------
Melee: Unarmed           |   159 |   678 |    60 ||   897
       Tailslap          |    11 |    63 |    17 ||    91
       Dagger            |       |    14 |    88 ||   102
       Punch             |       |       |     2 ||     2
 Cast: Poisonous Vapours |     7 |    47 |     2 ||    56
       Sting             |     1 |    14 |     3 ||    18
       Mephitic Cloud    |       |     1 |     1 ||     2
       Olgreb's Toxic Ra |       |       |     3 ||     3
 Abil: Breathe Frost     |       |       |     7 ||     7
  Use: Scroll            |     4 |     6 |     6 ||    16
       Potion            |       |     2 |     2 ||     4
 Stab: Sleeping          |     5 |     1 |       ||     6
  Eat: Chunk             |     5 |    17 |     4 ||    26
       Ration            |       |       |     2 ||     2
Armor: Skin              |    81 |   356 |    67 ||   504
Dodge: Dodged            |   124 |   613 |   103 ||   840

Table legend:
 A = Spawn XP
 B = Non-spawn XP
 C = Spawn XP percentage of total XP
 D = Spawn monster count
 E = Non-spawn monster count
 F = Spawn count percentage of total count
 G = Total turns spent on level
                    A         B        C        D         E        F      G
               +---------+---------+-------+---------+---------+-------+---------
         Total |       0 |    2642 |   0.0 |       0 |     174 |   0.0 |  9436
               +---------+---------+-------+---------+---------+-------+---------
           D:1 |       0 |      22 |   0.0 |       0 |      14 |   0.0 |  1055
           D:2 |       0 |      80 |   0.0 |       0 |      21 |   0.0 |  1645
           D:3 |       0 |      98 |   0.0 |       0 |      34 |   0.0 |  1055
           D:4 |       0 |     204 |   0.0 |       0 |       9 |   0.0 |  1241
           D:5 |       0 |     434 |   0.0 |       0 |       5 |   0.0 |   787
           D:6 |       0 |     608 |   0.0 |       0 |      16 |   0.0 |  1601
           D:7 |       0 |     917 |   0.0 |       0 |      19 |   0.0 |   158
         Sewer |       0 |     279 |   0.0 |       0 |      56 |   0.0 |  1683
               +---------+---------+-------+---------+---------+-------+---------
